[Event "Challengers Triathlon (GM2)"]
[Site "Biel, CH"]
[Date "2025.07.13"]
[Round "1"]
[White "Navara, David"]
[Black "Dardha, Daniel"]
[Result "1/2-1/2"]
[Board "1"]
[TimeControl "900+5"]
[WhiteFideId "309095"]
[BlackFideId "240990"]
[WhiteTitle "GM"]
[BlackTitle "GM"]
[WhiteElo "2621"]
[BlackElo "2580"]
[WhiteTeam "CZE"]
[BlackTeam "BEL"]
[WhiteClock "0:00:22"]
[BlackClock "0:00:45"]
[Variant "Standard"]

1. e4 d6 2. d4 Nf6 3. Nc3 e5 4. Nf3 Nbd7 5. Bc4 Be7 6. a4 O-O 7. O-O a5 8. Re1 c6 9. b3 h6 10. h3 Re8 11. Bb2 exd4 12. Nxd4 Bf8 13. Qd2 Nc5 14. Qf4 Ne6 15. Nxe6 Bxe6 16. Bxe6 Rxe6 17. Re3 Qb6 18. Ne2 Rae8 19. Ng3 Qc5 20. c4 Qg5 21. Qf3 g6 22. Rae1 h5 23. Nf1 Bg7 24. Nd2 Ng4 25. Bxg7 Nxe3 26. Bc3 Nf5 27. Qd3 Ng7 28. Nf3 Qe7 29. Qd2 f6 30. Qh6 Qf7 31. Nh4 Rxe4 32. Rxe4 Rxe4 33. Nxg6 Qe6 34. g3 Qxh3 35. Nf4 Rxf4 36. Qxf4 Qe6 37. Bxf6 Nf5 38. Qg5+ Kf7 39. Bc3 Qg6 40. Qf4 b6 41. Qf3 Kg8 42. Qxc6 Nxg3 43. fxg3 Qb1+ 44. Kh2 Qc2+ 45. Kh3 Qxc3 46. Qxb6 Qf3 47. Qd8+ Kf7 48. Qd7+ Kg8 49. Qe6+ Kg7 50. Kh4 Qh1+ 51. Kg5 Qc1+ 52. Kxh5 Qh1+ 53. Kg5 Qc1+ 54. Kh4 Qh1+ 55. Qh3 Qb1 56. Qd7+ Kg8 57. Qb7 Qb2 58. Kg4 Qd4+ 59. Kh3 Qh8+ 60. Kg2 Qb2+ 61. Kf3 Qc3+ 62. Kf4 Qe5+ 63. Kg4 Qd4+ 64. Kh3 Qh8+ 65. Kg2 Qb2+ 66. Kf3 Qc3+ 67. Ke4 Qe5+ 68. Kd3 Qxg3+ 69. Kc2 Qf2+ 70. Kb1 Qe1+ 71. Ka2 Qd2+ 72. Ka3 1/2-1/2

[Event "Challengers Triathlon (GM2)"]
[Site "Biel, CH"]
[Date "2025.07.13"]
[Round "1"]
[White "Ma, Qun"]
[Black "Hakobyan, Aram"]
[Result "1/2-1/2"]
[Board "2"]
[TimeControl "900+5"]
[WhiteFideId "8603154"]
[BlackFideId "13306677"]
[WhiteTitle "GM"]
[BlackTitle "GM"]
[WhiteElo "2617"]
[BlackElo "2535"]
[WhiteTeam "CHN"]
[BlackTeam "ARM"]
[WhiteClock "0:00:26"]
[BlackClock "0:00:27"]
[Variant "Standard"]

1. e4 e5 2. Nf3 Nc6 3. Bb5 a6 4. Ba4 Nf6 5. O-O Nxe4 6. d4 b5 7. Bb3 d5 8. dxe5 Be6 9. Nbd2 Be7 10. c3 O-O 11. Bc2 Bf5 12. Nd4 Nxd4 13. cxd4 f6 14. Nxe4 Bxe4 15. Bf4 fxe5 16. Bxe5 Bd6 17. Bb3 c6 18. Bxd6 Qxd6 19. f3 Bg6 20. Qd2 h6 21. Rfe1 Rfe8 22. a3 Kh7 23. Rac1 Rxe1+ 24. Rxe1 c5 25. Re5 c4 26. Bc2 a5 27. f4 Bxc2 28. Qxc2+ Kh8 29. Qf5 Rf8 30. Rxd5 Rxf5 31. Rxd6 Rxf4 32. Rd5 b4 33. Rxa5 bxa3 34. Rxa3 Rxd4 35. Rc3 Kh7 36. Kf2 Rd2+ 37. Kf3 Rxb2 38. Rxc4 1/2-1/2

[Event "Challengers Triathlon (GM2)"]
[Site "Biel, CH"]
[Date "2025.07.13"]
[Round "1"]
[White "Theodorou, Nikolas"]
[Black "Jumabayev, Rinat"]
[Result "1-0"]
[Board "3"]
[TimeControl "900+5"]
[WhiteFideId "4262875"]
[BlackFideId "13702661"]
[WhiteTitle "GM"]
[BlackTitle "GM"]
[WhiteElo "2559"]
[BlackElo "2546"]
[WhiteTeam "GRE"]
[BlackTeam "KAZ"]
[WhiteClock "0:04:33"]
[BlackClock "0:00:11"]
[Variant "Standard"]

1. d4 Nf6 2. Nf3 d5 3. c4 e6 4. g3 Bd6 5. Bg2 O-O 6. O-O Nc6 7. Nbd2 a5 8. a3 a4 9. Qc2 Be7 10. Rd1 dxc4 11. Nxc4 Na5 12. Nxa5 Rxa5 13. Ne5 Ra6 14. Bg5 h6 15. Bxf6 Bxf6 16. Rac1 c6 17. Nd3 Qa5 18. Nc5 Ra7 19. h4 Rd8 20. e3 Be7 21. Bf3 Bd7 22. Qe2 Be8 23. Be4 b6 24. Nd3 c5 25. Ne5 cxd4 26. exd4 Bf6 27. h5 Bxe5 28. dxe5 Rad7 29. Rxd7 Bxd7 30. Qd3 Qxe5 31. Qxd7 1-0

[Event "Challengers Triathlon (GM2)"]
[Site "Biel, CH"]
[Date "2025.07.13"]
[Round "2"]
[White "Theodorou, Nikolas"]
[Black "Navara, David"]
[Result "1-0"]
[Board "1"]
[TimeControl "900+5"]
[WhiteFideId "4262875"]
[BlackFideId "309095"]
[WhiteTitle "GM"]
[BlackTitle "GM"]
[WhiteElo "2559"]
[BlackElo "2621"]
[WhiteTeam "GRE"]
[BlackTeam "CZE"]
[WhiteClock "0:06:33"]
[BlackClock "0:09:41"]
[Variant "Standard"]

1. d4 Nf6 2. Nf3 d5 3. c4 e6 4. g3 Be7 5. Bg2 O-O 6. Nc3 Nbd7 7. Ne5 c6 8. O-O Nxe5 9. dxe5 Nd7 10. cxd5 exd5 11. f4 Bc5+ 12. Kh1 a5 13. Qc2 Qe7 14. b3 f6 15. Bb2 fxe5 16. fxe5 Rxf1+ 17. Rxf1 Nb6 18. e4 Be6 19. Ne2 Ba3 20. Bxa3 Qxa3 21. Nf4 Qe7 22. Qf2 d4 23. Nxe6 Qxe6 24. Bh3 Qe7 25. Qxd4 c5 26. Qd6 Qxd6 27. exd6 Re8 28. d7 Rd8 29. e5 1-0

[Event "Challengers Triathlon (GM2)"]
[Site "Biel, CH"]
[Date "2025.07.13"]
[Round "2"]
[White "Jumabayev, Rinat"]
[Black "Ma, Qun"]
[Result "1/2-1/2"]
[Board "2"]
[TimeControl "900+5"]
[WhiteFideId "13702661"]
[BlackFideId "8603154"]
[WhiteTitle "GM"]
[BlackTitle "GM"]
[WhiteElo "2546"]
[BlackElo "2617"]
[WhiteTeam "KAZ"]
[BlackTeam "CHN"]
[WhiteClock "0:00:18"]
[BlackClock "0:00:15"]
[Variant "Standard"]

1. Nf3 Nf6 2. g3 b5 3. Bg2 Bb7 4. Na3 a6 5. c4 e6 6. b3 d5 7. cxb5 Bxa3 8. Bxa3 axb5 9. Qc1 Na6 10. O-O b4 11. Bb2 O-O 12. d4 Qe7 13. Qe3 Rfc8 14. Rfc1 Nb8 15. Ne5 Nbd7 16. Nd3 Ba6 17. Rc2 h6 18. Bc1 Bxd3 19. Qxd3 c5 20. Bd2 c4 21. bxc4 Ra3 22. cxd5 Rb8 23. d6 Qxd6 24. Bf4 Qf8 25. Qd1 Re8 26. Bc6 Rc8 27. Bxd7 Rxc2 28. Qxc2 Nxd7 29. Qc6 Qd8 30. Bd6 Nb8 31. Bxb8 Qxb8 32. Rc1 Rxa2 33. Qd7 Ra8 34. Rb1 Qb6 35. d5 exd5 36. Qxd5 Rb8 37. Rb3 Qc7 38. Kg2 Qb7 39. Qxb7 Rxb7 40. Kf3 Kh7 41. Ke4 Kg6 42. e3 Kg5 43. h3 h5 44. f4+ Kf6 45. g4 hxg4 46. hxg4 g5 47. Kd5 Rb8 48. Kc4 Re8 49. Kd4 Rb8 50. Kc4 Re8 1/2-1/2

[Event "Challengers Triathlon (GM2)"]
[Site "Biel, CH"]
[Date "2025.07.13"]
[Round "2"]
[White "Hakobyan, Aram"]
[Black "Dardha, Daniel"]
[Result "1-0"]
[Board "3"]
[TimeControl "900+5"]
[WhiteFideId "13306677"]
[BlackFideId "240990"]
[WhiteTitle "GM"]
[BlackTitle "GM"]
[WhiteElo "2535"]
[BlackElo "2580"]
[WhiteTeam "ARM"]
[BlackTeam "BEL"]
[WhiteClock "0:00:09"]
[BlackClock "0:00:09"]
[Variant "Standard"]

1. d4 d5 2. c4 dxc4 3. e4 e5 4. Nf3 exd4 5. Bxc4 Nc6 6. Qb3 Bb4+ 7. Nbd2 Qe7 8. O-O Bxd2 9. Bxd2 Nf6 10. Rfe1 Nd7 11. Bd5 O-O 12. Bxc6 bxc6 13. Nxd4 Ne5 14. Qg3 f6 15. Bc3 Qf7 16. f4 Nc4 17. Nxc6 Bb7 18. Nd4 Nd6 19. e5 fxe5 20. Rxe5 Qxf4 21. Qxf4 Rxf4 22. Re7 Rg4 23. g3 Rc8 24. Rf1 h5 25. Ne6 h4 26. Rf4 Rg6 27. Rxg7+ Rxg7 28. Nxg7 hxg3 29. hxg3 Ne4 30. Nf5 Nxc3 31. Ne7+ Kg7 32. Rg4+ Kf6 33. Nxc8 Ne2+ 34. Kf2 Bxc8 35. Rc4 Be6 36. Rxc7 Nd4 37. Rxa7 Nc6 38. Ra4 Ne5 39. b3 Bf5 40. Ke3 Ke6 41. Ra6+ Ke7 42. Kf4 Bd3 43. Rb6 Nd7 44. Rb4 Bb1 45. a4 Nc5 46. Rb5 Kd6 47. a5 Bd3 48. Rb6+ Kd5 49. g4 Bc2 50. a6 1-0

[Event "Challengers Triathlon (GM2)"]
[Site "Biel, CH"]
[Date "2025.07.13"]
[Round "3"]
[White "Navara, David"]
[Black "Hakobyan, Aram"]
[Result "0-1"]
[Board "1"]
[TimeControl "900+5"]
[WhiteFideId "309095"]
[BlackFideId "13306677"]
[WhiteTitle "GM"]
[BlackTitle "GM"]
[WhiteElo "2621"]
[BlackElo "2535"]
[WhiteTeam "CZE"]
[BlackTeam "ARM"]
[WhiteClock "0:00:11"]
[BlackClock "0:00:06"]
[Variant "Standard"]

1. e4 e5 2. Nf3 Nc6 3. Bc4 Bc5 4. c3 Nf6 5. d3 d6 6. O-O a6 7. a4 Ba7 8. Re1 O-O 9. h3 Re8 10. b4 Be6 11. Bxe6 Rxe6 12. Nbd2 d5 13. Bb2 Nh5 14. b5 Nf4 15. d4 Rg6 16. bxc6 Rxg2+ 17. Kh1 Qc8 18. Ng1 Rxf2 19. Rf1 Nxh3 20. Qh5 Nf4 21. Qxe5 Nd3 22. Qh5 bxc6 23. Ngf3 Rxf1+ 24. Rxf1 Nf4 25. Qh2 Ne6 26. Ne5 f6 27. Nxc6 Qb7 28. exd5 Ng5 29. Ba3 Re8 30. Qh5 Qa8 31. Nc4 Ne4 32. Qf3 Ng5 33. Qg3 Qc8 34. Nxa7 Qd7 35. Qg2 Re4 36. Qxg5 Qh3+ 37. Kg1 Re2 0-1

[Event "Challengers Triathlon (GM2)"]
[Site "Biel, CH"]
[Date "2025.07.13"]
[Round "3"]
[White "Dardha, Daniel"]
[Black "Jumabayev, Rinat"]
[Result "1-0"]
[Board "2"]
[TimeControl "900+5"]
[WhiteFideId "240990"]
[BlackFideId "13702661"]
[WhiteTitle "GM"]
[BlackTitle "GM"]
[WhiteElo "2580"]
[BlackElo "2546"]
[WhiteTeam "BEL"]
[BlackTeam "KAZ"]
[WhiteClock "0:00:23"]
[BlackClock "0:00:11"]
[Variant "Standard"]

1. e4 c5 2. Nc3 e6 3. Nge2 a6 4. g3 b5 5. Bg2 Bb7 6. d4 cxd4 7. Nxd4 Nc6 8. O-O Nge7 9. Be3 Ne5 10. f4 Nc4 11. Bc1 Qb6 12. Kh1 Nc6 13. Nxc6 Qxc6 14. Qe2 Be7 15. b3 Nb6 16. Bb2 O-O 17. Nd1 f5 18. exf5 Qxg2+ 19. Qxg2 Bxg2+ 20. Kxg2 Rxf5 21. Ne3 Rc5 22. Ba3 Rc3 23. Bxe7 Rxe3 24. Bc5 Nd5 25. c4 bxc4 26. bxc4 Rc8 27. cxd5 Rxc5 28. dxe6 dxe6 29. Rf2 Kf7 30. Rb1 Kf6 31. Rb8 Ra5 32. Rf8+ Kg6 33. Re8 Kf7 34. Rc8 Rea3 35. Rcc2 h5 36. Kh3 Kf6 37. Rfe2 e5 38. fxe5+ Rxe5 39. Rc6+ Kf5 40. Rf2+ Ke4 41. Rg6 Rea5 42. Rxg7 Rxa2 43. Rxa2 Rxa2 44. Rg5 h4 45. Rg4+ Kf5 46. Rxh4 a5 47. Rh5+ Ke4 48. Kg4 a4 49. h4 Kd4 50. Ra5 Kc4 51. Kh5 Kb4 52. Ra8 Rc2 53. g4 a3 54. g5 Rc5 55. Kh6 Ra5 56. Rb8+ Rb5 57. Re8 a2 58. Re1 Ka3 59. Ra1 Rb1 60. Rxa2+ Kxa2 61. g6 Kb3 62. g7 Rg1 63. Kh7 1-0

[Event "Challengers Triathlon (GM2)"]
[Site "Biel, CH"]
[Date "2025.07.13"]
[Round "3"]
[White "Ma, Qun"]
[Black "Theodorou, Nikolas"]
[Result "1/2-1/2"]
[Board "3"]
[TimeControl "900+5"]
[WhiteFideId "8603154"]
[BlackFideId "4262875"]
[WhiteTitle "GM"]
[BlackTitle "GM"]
[WhiteElo "2617"]
[BlackElo "2559"]
[WhiteTeam "CHN"]
[BlackTeam "GRE"]
[WhiteClock "0:01:15"]
[BlackClock "0:03:19"]
[Variant "Standard"]

1. e4 c5 2. Nf3 Nc6 3. Bb5 e5 4. d3 d6 5. c3 Nf6 6. O-O Be7 7. d4 cxd4 8. cxd4 O-O 9. Bxc6 bxc6 10. Nc3 exd4 11. Nxd4 Bd7 12. Bf4 Re8 13. Qc2 Bf8 14. Rad1 Ng4 15. h3 Ne5 16. Bh2 Qa5 17. Kh1 Rad8 18. Rfe1 Qa6 19. b3 Ng6 20. Kg1 d5 21. exd5 Rxe1+ 22. Rxe1 cxd5 23. Nce2 Bb4 24. Rd1 Rc8 25. Qb1 h6 26. Nf4 Nxf4 27. Bxf4 Qf6 28. Be3 a5 29. Rc1 Rxc1+ 30. Qxc1 Qg6 31. Qc2 Qxc2 32. Nxc2 Bf5 33. Nxb4 axb4 34. Bc5 Bb1 35. a3 1/2-1/2

[Event "Challengers Triathlon (GM2)"]
[Site "Biel, CH"]
[Date "2025.07.13"]
[Round "4"]
[White "Ma, Qun"]
[Black "Navara, David"]
[Result "1/2-1/2"]
[Board "1"]
[TimeControl "900+5"]
[WhiteFideId "8603154"]
[BlackFideId "309095"]
[WhiteTitle "GM"]
[BlackTitle "GM"]
[WhiteElo "2617"]
[BlackElo "2621"]
[WhiteTeam "CHN"]
[BlackTeam "CZE"]
[WhiteClock "0:00:20"]
[BlackClock "0:00:38"]
[Variant "Standard"]

1. d4 Nf6 2. c4 g6 3. f3 c5 4. dxc5 e6 5. Be3 b6 6. cxb6 axb6 7. Bf2 Nc6 8. Nc3 Bb4 9. e4 O-O 10. Nge2 d5 11. a3 dxc4 12. axb4 Rxa1 13. Qxa1 Nxb4 14. Nd4 e5 15. Qa4 exd4 16. Qxb4 dxc3 17. bxc3 Nxe4 18. fxe4 Re8 19. Qxc4 Qg5 20. Be2 Qc1+ 21. Bd1 Ba6 22. Qxa6 Rxe4+ 23. Qe2 Qxc3+ 24. Kf1 Rxe2 25. Bxe2 Qc1+ 26. Be1 Qf4+ 27. Bf2 g5 28. g4 b5 29. Rg1 Qxh2 30. Bxb5 h5 31. gxh5 Qxh5 32. Be2 Qh3+ 33. Ke1 Qc3+ 34. Kf1 Qh3+ 35. Ke1 Qc3+ 1/2-1/2

[Event "Challengers Triathlon (GM2)"]
[Site "Biel, CH"]
[Date "2025.07.13"]
[Round "4"]
[White "Theodorou, Nikolas"]
[Black "Dardha, Daniel"]
[Result "1-0"]
[Board "2"]
[TimeControl "900+5"]
[WhiteFideId "4262875"]
[BlackFideId "240990"]
[WhiteTitle "GM"]
[BlackTitle "GM"]
[WhiteElo "2559"]
[BlackElo "2580"]
[WhiteTeam "GRE"]
[BlackTeam "BEL"]
[WhiteClock "0:00:14"]
[BlackClock "0:00:26"]
[Variant "Standard"]

1. d4 Nf6 2. Nf3 b6 3. c4 e6 4. a3 Ba6 5. Qb3 c6 6. Nc3 d5 7. cxd5 exd5 8. Bg5 Be7 9. Bxf6 Bxf6 10. e4 Bxf1 11. Rxf1 dxe4 12. Nxe4 O-O 13. O-O-O Nd7 14. Ne5 Bxe5 15. dxe5 Qe7 16. f4 Nc5 17. Qc2 Nxe4 18. Qxe4 Rad8 19. Rxd8 Rxd8 20. Qxc6 h6 21. Rd1 Rxd1+ 22. Kxd1 Qd8+ 23. Kc2 Kh7 24. Qe4+ Kg8 25. f5 Qc7+ 26. Kb3 Kf8 27. Qd5 Ke7 28. g4 a6 29. h4 Qc1 30. Qd6+ Ke8 31. Qb8+ Kd7 32. Qd6+ Ke8 33. e6 fxe6 34. fxe6 Qc8 35. Qxb6 Ke7 36. a4 Qa8 37. Qc7+ Kxe6 38. Qxg7 Qd5+ 39. Ka3 Qc5+ 40. Ka2 Qc4+ 41. b3 Qe2+ 42. Ka3 Qe3 43. Qg6+ Ke7 44. Qg7+ Ke6 45. g5 Qc5+ 46. Ka2 Qf2+ 47. Qb2 Qxh4 48. Qf6+ Kd5 49. Qf5+ Kd6 50. Qg6+ Ke5 51. Qg7+ Kd5 52. gxh6 Qh2+ 53. Ka3 Qd6+ 54. b4 Kc4 55. Qg4+ Kc3 56. Qf3 Kc2 57. Qb3+ Kd2 58. h7 Qh6 59. Qb2+ 1-0

[Event "Challengers Triathlon (GM2)"]
[Site "Biel, CH"]
[Date "2025.07.13"]
[Round "4"]
[White "Jumabayev, Rinat"]
[Black "Hakobyan, Aram"]
[Result "1/2-1/2"]
[Board "3"]
[TimeControl "900+5"]
[WhiteFideId "13702661"]
[BlackFideId "13306677"]
[WhiteTitle "GM"]
[BlackTitle "GM"]
[WhiteElo "2546"]
[BlackElo "2535"]
[WhiteTeam "KAZ"]
[BlackTeam "ARM"]
[WhiteClock "0:06:06"]
[BlackClock "0:04:46"]
[Variant "Standard"]

1. e4 e5 2. Nf3 Nc6 3. Bc4 Bc5 4. d3 Nf6 5. Nc3 d6 6. Be3 Bxe3 7. fxe3 Na5 8. Bb3 O-O 9. O-O c6 10. Qe1 Nxb3 11. axb3 b5 12. b4 Be6 13. h3 a5 14. bxa5 Rxa5 15. Nd5 Rxa1 16. Nxf6+ Qxf6 17. Qxa1 Qh6 18. Qa7 c5 19. Qe7 Qxe3+ 20. Kh2 Qe2 21. Rc1 Qe3 22. Rf1 Qe2 23. Rc1 Qe3 1/2-1/2

[Event "Challengers Triathlon (GM2)"]
[Site "Biel, CH"]
[Date "2025.07.13"]
[Round "5"]
[White "Navara, David"]
[Black "Jumabayev, Rinat"]
[Result "0-1"]
[Board "1"]
[TimeControl "900+5"]
[WhiteFideId "309095"]
[BlackFideId "13702661"]
[WhiteTitle "GM"]
[BlackTitle "GM"]
[WhiteElo "2621"]
[BlackElo "2546"]
[WhiteTeam "CZE"]
[BlackTeam "KAZ"]
[WhiteClock "0:00:00"]
[BlackClock "0:00:09"]
[Variant "Standard"]

1. d4 Nf6 2. c4 e6 3. Nc3 Bb4 4. e3 O-O 5. Bd3 c5 6. Nf3 b6 7. e4 cxd4 8. a3 Be7 9. Nxd4 d6 10. O-O Bb7 11. b4 Nc6 12. Nxc6 Bxc6 13. Be3 Nd7 14. Qd2 Rc8 15. Rac1 Ne5 16. Be2 Bb7 17. Qa2 Qc7 18. f4 Nd7 19. Bd3 a6 20. Qf2 Ba8 21. Rc2 Rb8 22. Qg3 Bf6 23. Qh3 Bxc3 24. Rxc3 e5 25. f5 Nf6 26. Bg5 Qe7 27. Bb1 Rfc8 28. Qh4 Kf8 29. Rd1 h6 30. Bxf6 Qxf6 31. Qxf6 gxf6 32. Rxd6 Ke7 33. Rd1 Rd8 34. Rxd8 Rxd8 35. Kf2 Rd2+ 36. Kf3 Bc6 37. Bd3 a5 38. bxa5 bxa5 39. c5 a4 40. h4 Rb2 41. Bc2 Rb8 42. Rc4 Ra8 43. Kg4 Kf8 44. Kf3 Ke7 45. g3 Ra5 46. Ke3 Bb5 47. Rc3 Bc6 48. Bb1 Ra8 49. Ba2 Rg8 50. Kf3 Rd8 51. Bc4 Rd4 52. Bd3 Kd7 53. Ke3 Kc7 54. Rc4 Rd8 55. g4 Rg8 56. Be2 Bb5 57. Rb4 Bxe2 58. Kxe2 Rxg4 59. Rxa4 Rxh4 60. Kf3 Kc6 61. Ra6+ Kxc5 62. Rxf6 h5 63. Rxf7 Rh3+ 64. Kg2 Rxa3 65. Rd7 h4 66. Rd5+ Kc4 67. Rxe5 Kd4 68. Re7 Ra6 69. Kh3 0-1

[Event "Challengers Triathlon (GM2)"]
[Site "Biel, CH"]
[Date "2025.07.13"]
[Round "5"]
[White "Hakobyan, Aram"]
[Black "Theodorou, Nikolas"]
[Result "1/2-1/2"]
[Board "2"]
[TimeControl "900+5"]
[WhiteFideId "13306677"]
[BlackFideId "4262875"]
[WhiteTitle "GM"]
[BlackTitle "GM"]
[WhiteElo "2535"]
[BlackElo "2559"]
[WhiteTeam "ARM"]
[BlackTeam "GRE"]
[WhiteClock "0:01:20"]
[BlackClock "0:01:17"]
[Variant "Standard"]

1. d4 Nf6 2. c4 c5 3. d5 b5 4. cxb5 a6 5. bxa6 e6 6. dxe6 fxe6 7. Nc3 Bxa6 8. g3 Be7 9. Bg2 d5 10. Nh3 Nc6 11. O-O O-O 12. Re1 Qe8 13. e4 d4 14. e5 dxc3 15. exf6 Bxf6 16. Rxe6 Rd8 17. Bd5 Kh8 18. Rxe8 Rfxe8 19. Bg5 cxb2 20. Rb1 Re5 21. Bxf6 Rexd5 22. Bxd8 Rxd1+ 23. Rxd1 Bd3 24. Nf4 Bc2 25. Re1 Kg8 26. Bb6 Nd4 27. Kg2 Be4+ 28. Kh3 Nf3 29. Rd1 Bc2 30. Rf1 c4 31. Nd5 Nd2 32. Re1 b1=Q 33. Rxb1 Nxb1 34. Bd4 Be4 35. Nc3 Nxc3 36. Bxc3 Kf7 37. Kg4 g6 38. Kf4 Bb7 39. Ke5 Ke7 40. Bb4+ Kd7 41. f4 Bf3 42. a4 Kc6 43. Bc3 Bd1 44. a5 Kb5 45. Kf6 Bc2 46. g4 Bd1 47. h3 Bf3 48. f5 Bg2 49. h4 Bh3 50. fxg6 hxg6 51. Kg5 Ka6 52. Kf4 Bf1 53. h5 gxh5 54. gxh5 Bd3 55. h6 Kb5 56. Ke5 Ka6 57. Kf6 Kb5 58. Kg7 Ka6 59. h7 Bxh7 60. Kxh7 Ka7 61. Kg6 Kb7 62. Kf6 Ka8 63. Ke7 Kb7 64. Kd6 Ka8 65. Kc6 Kb8 66. Kb6 Ka8 67. a6 Kb8 68. a7+ Ka8 69. Bd4 c3 70. Bxc3 1/2-1/2

[Event "Challengers Triathlon (GM2)"]
[Site "Biel, CH"]
[Date "2025.07.13"]
[Round "5"]
[White "Dardha, Daniel"]
[Black "Ma, Qun"]
[Result "1/2-1/2"]
[Board "3"]
[TimeControl "900+5"]
[WhiteFideId "240990"]
[BlackFideId "8603154"]
[WhiteTitle "GM"]
[BlackTitle "GM"]
[WhiteElo "2580"]
[BlackElo "2617"]
[WhiteTeam "BEL"]
[BlackTeam "CHN"]
[WhiteClock "0:00:22"]
[BlackClock "0:00:24"]
[Variant "Standard"]

1. e4 e5 2. Nf3 Nc6 3. Bc4 Bc5 4. d3 Nf6 5. Nc3 d6 6. Na4 Bb6 7. a3 O-O 8. O-O Ne7 9. Re1 Ng6 10. b4 Re8 11. h3 h6 12. Rb1 c6 13. Nxb6 axb6 14. Bb3 b5 15. c4 Be6 16. cxb5 cxb5 17. Bxe6 Rxe6 18. Bb2 d5 19. g3 Rc8 20. Qb3 d4 21. Rbc1 Rec6 22. Kg2 Nh5 23. Rxc6 Rxc6 24. Qd1 Qc8 25. Ng1 Nf6 26. Re2 Nd7 27. a4 bxa4 28. Qxa4 Ra6 29. Qb3 b5 30. Rc2 Rc6 31. Rxc6 Qxc6 32. Ne2 Kf8 33. f4 f6 34. f5 Ne7 35. Bxd4 Nxf5 36. Bf2 Ne7 37. Nc3 f5 38. Kg1 Nf6 39. Bc5 fxe4 40. dxe4 Nxe4 41. Nxe4 Qxe4 42. Qe6 Qe1+ 43. Kg2 Qe2+ 44. Kg1 Qe1+ 45. Kg2 Qe2+ 1/2-1/2

[Event "Challengers Triathlon (GM2)"]
[Site "Biel, CH"]
[Date "2025.07.20"]
[Round "11"]
[White "Dardha, Daniel"]
[Black "Navara, David"]
[Result "1/2-1/2"]
[Board "1"]
[TimeControl "180+2"]
[WhiteFideId "240990"]
[BlackFideId "309095"]
[WhiteTitle "GM"]
[BlackTitle "GM"]
[WhiteElo "2592"]
[BlackElo "2646"]
[WhiteTeam "BEL"]
[BlackTeam "CZE"]
[WhiteClock "0:00:12"]
[BlackClock "0:00:14"]
[Variant "Standard"]

1. c4 Nf6 2. Nf3 e6 3. Nc3 d5 4. e3 c5 5. cxd5 exd5 6. Bb5+ Nc6 7. d4 cxd4 8. Nxd4 Bd7 9. Nf3 a6 10. Be2 Be6 11. O-O Bd6 12. b3 O-O 13. Bb2 Qe7 14. Nd4 Ne5 15. Rc1 Rad8 16. Qc2 Rfe8 17. h3 Qd7 18. Nxe6 fxe6 19. Rfd1 Rc8 20. Qb1 Bb8 21. g3 Qf7 22. Kg2 Rf8 23. f4 Nc6 24. Bf3 Ba7 25. Qd3 Rfd8 26. Ne2 Nb4 27. Qd2 Nc6 28. Nd4 Ne4 29. Qe1 Nxd4 30. Bxd4 Rxc1 31. Rxc1 Bxd4 32. exd4 Nd6 33. Qe5 Qf6 34. Rc7 Nb5 35. Rxb7 Nxd4 36. Bg4 Qxe5 37. fxe5 Rc8 38. Rb4 Rc2+ 39. Kf1 h5 40. Rxd4 hxg4 41. Rxg4 Rxa2 42. Rb4 Kf7 43. Rb7+ Kg6 44. g4 Rh2 45. Re7 Rxh3 46. Rxe6+ Kg5 47. Rxa6 Rxb3 48. Rd6 Kxg4 49. Rxd5 Kf3 50. Kg1 g5 51. e6 Re3 52. Rf5+ Kg4 53. Rf6 Kg3 54. Kf1 g4 55. Kg1 Re1+ 56. Rf1 Rxe6 57. Rc1 Kh3 58. Rd1 g3 59. Rc1 Re3 60. Rd1 g2 61. Rc1 Rf3 62. Rd1 Rf1+ 1/2-1/2

[Event "Challengers Triathlon (GM2)"]
[Site "Biel, CH"]
[Date "2025.07.20"]
[Round "11"]
[White "Hakobyan, Aram"]
[Black "Ma, Qun"]
[Result "1/2-1/2"]
[Board "2"]
[TimeControl "180+2"]
[WhiteFideId "13306677"]
[BlackFideId "8603154"]
[WhiteTitle "GM"]
[BlackTitle "GM"]
[WhiteElo "2557"]
[BlackElo "2614"]
[WhiteTeam "ARM"]
[BlackTeam "CHN"]
[WhiteClock "0:00:13"]
[BlackClock "0:00:06"]
[Variant "Standard"]

1. e4 e5 2. Nf3 Nc6 3. Bb5 Nf6 4. O-O Nxe4 5. d4 Nd6 6. Bg5 Be7 7. Bxe7 Qxe7 8. Nxe5 Nxe5 9. Re1 O-O 10. Rxe5 Qd8 11. Bd3 Ne8 12. Nc3 d6 13. Re3 Nf6 14. h3 Re8 15. Qe2 Rxe3 16. Qxe3 Bd7 17. d5 c5 18. dxc6 bxc6 19. Re1 Qb6 20. b3 Qxe3 21. Rxe3 Kf8 22. g4 h6 23. Kg2 Re8 24. Rxe8+ Kxe8 25. f3 Ke7 26. Kf2 g5 27. Ke3 Ne8 28. f4 Nc7 29. f5 c5 30. Ne4 Bc6 31. Ng3 Nd5+ 32. Kd2 Nf4 33. Bf1 Kf6 34. c3 Ke5 35. b4 Bf3 36. Ke3 Bg2 37. Bxg2 Nxg2+ 38. Kf3 Nf4 39. b5 d5 40. a4 Nxh3 41. a5 Kd6 42. Ne2 d4 43. cxd4 cxd4 44. Nxd4 Nf4 45. b6 axb6 46. axb6 Nd5 47. b7 Kc7 48. Nb5+ Kxb7 49. Nd6+ Kc7 50. Nxf7 Kd7 51. Nxh6 Ke7 52. Ke4 Nf6+ 53. Ke5 Nd7+ 54. Ke4 Nf6+ 55. Ke5 Nd7+ 56. Kd4 Nf6 57. Ke5 Nd7+ 1/2-1/2

[Event "Challengers Triathlon (GM2)"]
[Site "Biel, CH"]
[Date "2025.07.20"]
[Round "11"]
[White "Jumabayev, Rinat"]
[Black "Theodorou, Nikolas"]
[Result "0-1"]
[Board "3"]
[TimeControl "180+2"]
[WhiteFideId "13702661"]
[BlackFideId "4262875"]
[WhiteTitle "GM"]
[BlackTitle "GM"]
[WhiteElo "2520"]
[BlackElo "2549"]
[WhiteTeam "KAZ"]
[BlackTeam "GRE"]
[WhiteClock "0:00:04"]
[BlackClock "0:00:05"]
[Variant "Standard"]

1. Nf3 Nf6 2. g3 b6 3. Bg2 Bb7 4. O-O g6 5. d4 Bg7 6. c4 O-O 7. Qc2 c5 8. d5 b5 9. e4 bxc4 10. Rd1 e6 11. Nc3 exd5 12. exd5 d6 13. Nd2 Ba6 14. Bf1 Nbd7 15. Nxc4 Bxc4 16. Bxc4 Re8 17. Bf4 Ne5 18. Be2 h5 19. h3 Rb8 20. Rab1 Rb4 21. a3 Rd4 22. Be3 Rxd1+ 23. Rxd1 Qd7 24. Kg2 Rb8 25. f4 Neg4 26. hxg4 Nxg4 27. Bg1 Nh6 28. b3 h4 29. gxh4 Nf5 30. Bf2 Qe7 31. Ne4 Bd4 32. Bg4 Bxf2 33. Bxf5 Be3 34. Bh3 Qxh4 35. Qc3 Qxf4 36. Nf6+ Kf8 37. Rf1 Qg5+ 38. Ng4 Bd4 39. Qg3 Kg7 40. Rf3 Qd2+ 41. Nf2 Re8 42. Qxd6 Re5 43. Qd8 Rg5+ 44. Kh1 Qe1+ 0-1

[Event "Challengers Triathlon (GM2)"]
[Site "Biel, CH"]
[Date "2025.07.20"]
[Round "12"]
[White "Navara, David"]
[Black "Theodorou, Nikolas"]
[Result "1-0"]
[Board "1"]
[TimeControl "180+2"]
[WhiteFideId "309095"]
[BlackFideId "4262875"]
[WhiteTitle "GM"]
[BlackTitle "GM"]
[WhiteElo "2646"]
[BlackElo "2549"]
[WhiteTeam "CZE"]
[BlackTeam "GRE"]
[WhiteClock "0:00:09"]
[BlackClock "0:00:09"]
[Variant "Standard"]

1. e4 e6 2. d4 d5 3. Nd2 c5 4. Ngf3 Nc6 5. exd5 exd5 6. Bb5 Bd6 7. dxc5 Bxc5 8. O-O Nge7 9. Nb3 Bb6 10. Re1 O-O 11. Be3 Bg4 12. Bxb6 Qxb6 13. Bxc6 Nxc6 14. Qxd5 Nb4 15. Qe4 Bxf3 16. gxf3 Rac8 17. c3 Nc6 18. Rad1 g6 19. Qe3 Qa6 20. Nc5 Qxa2 21. Nd7 Rfd8 22. Qh6 Rxd7 23. Rxd7 Qxb2 24. Qf4 Qb3 25. c4 Rf8 26. Qe4 a5 27. Qd5 Qc3 28. Re8 Qf6 29. Rxf8+ Kxf8 30. Rxb7 Nd4 31. Rxf7+ Qxf7 32. Qxd4 Qxf3 33. Qh8+ Kf7 34. Qxh7+ Kf6 35. Qh8+ Kf7 36. Qh7+ Kf6 37. Qh8+ Kf7 38. Qd4 a4 39. Qd7+ Kf6 40. Qxa4 Qg4+ 41. Kf1 Qh3+ 42. Ke1 Qc3+ 43. Ke2 Qb2+ 44. Kf3 Qd2 45. Qc6+ Kg7 46. Qc7+ Kg8 47. Qb8+ Kg7 48. Qe5+ Kh7 49. Qe7+ Kh6 50. Qe3+ 1-0

[Event "Challengers Triathlon (GM2)"]
[Site "Biel, CH"]
[Date "2025.07.20"]
[Round "12"]
[White "Ma, Qun"]
[Black "Jumabayev, Rinat"]
[Result "1-0"]
[Board "2"]
[TimeControl "180+2"]
[WhiteFideId "8603154"]
[BlackFideId "13702661"]
[WhiteTitle "GM"]
[BlackTitle "GM"]
[WhiteElo "2614"]
[BlackElo "2520"]
[WhiteTeam "CHN"]
[BlackTeam "KAZ"]
[WhiteClock "0:00:20"]
[BlackClock "0:00:05"]
[Variant "Standard"]

1. e4 e5 2. Nf3 Nc6 3. Bb5 Nf6 4. d3 Bc5 5. c3 O-O 6. O-O d6 7. h3 Ne7 8. d4 Bb6 9. Bd3 d5 10. Nxe5 Nxe4 11. Nd2 Nxd2 12. Bxd2 Bf5 13. Bxf5 Nxf5 14. Qg4 Qc8 15. Rfe1 c6 16. Re2 f6 17. Nd3 Nd6 18. Bf4 Ne4 19. f3 Qxg4 20. hxg4 Ng5 21. Rae1 Rf7 22. a4 a5 23. Bd6 Rd7 24. Re8+ Rxe8 25. Rxe8+ Kf7 26. Rf8+ Ke6 27. Ba3 Rf7 28. Rb8 Rd7 29. Nf4+ 1-0